 Dungeon Crawl Stone Soup version 0.19.1 (webtiles) character file.

93 Haldmier the Ruffian (level 4, -6/37 HPs)
             Began as a Draconian Transmuter on Dec 19, 2016.
             Killed by divine providence
             ... invoked by an orc priest
              (9 damage)
             ... on level 3 of the Dungeon.
             The game lasted 00:09:24 (2807 turns).

Haldmier the Ruffian (Draconian Transmuter)         Turns: 2807, Time: 00:09:24

Health: -6/37      AC:  5    Str: 13    XL:     4   Next: 37%
Magic:  6/7        EV: 12    Int: 14    God:
Gold:   117        SH:  0    Dex: 11    Spells: 3 memorised, 1 level left

rFire  . . .     SeeInvis .       - Unarmed
rCold  . . .     Gourm    .     (armour unavailable)
rNeg   . . .     Faith    .     (no shield)
rPois  .         Spirit   .     (helmet restricted)
rElec  .         Reflect  .     (no cloak)
rCorr  .         Harm     .     h - -1 pair of gloves (curse)
MR     .....                    (boots currently unavailable)
Stlth  +.........               (no amulet)
                                (no ring)
                                (no ring)

@: appendage (expiring)
A: unfitting armour, talons 3, cold-blooded, AC +5
a: End Transformation


You were on level 3 of the Dungeon.
You were not hungry.
You had grown temporary talons.
You visited 1 branch of the dungeon, and saw 3 of its levels.

You collected 117 gold pieces.

Inventory:

Missiles
 a - 48 arrows
Armour
 h - a cursed -1 pair of gloves (worn)
Scrolls
 d - 2 scrolls of identify {unknown}
 g - a scroll of random uselessness {unknown}
 i - a scroll of remove curse {unknown}
Potions
 e - a potion of invisibility {unknown}
 l - a potion of resistance {unknown}
 m - a potion of berserk rage {unknown}
Books
 b - a book of Changes

   Spells                             Type                      Level
   a - Beastly Appendage              Transmutation                1
   b - Sticks to Snakes               Transmutation                2
   c - Spider Form                    Transmutation/Poison         3
   d - Ice Form                       Ice/Transmutation            4
   e - Blade Hands                    Transmutation                5
Comestibles
 c - a bread ration
 f - 10 fruits
 j - a meat ration
 k - a slice of pizza
 n - a chunk of flesh


   Skills:
 + Level 2.5 Fighting
 - Level 1.7 Dodging
 * Level 3.9 Unarmed Combat
 - Level 2.0 Spellcasting
 * Level 3.0 Transmutations
 + Level 0.4 Poison Magic


You had one spell level left.
You knew the following spells:

 Your Spells              Type           Power        Failure   Level  Hunger
a - Beastly Appendage     Tmut           #.....       10%         1    ##.....
b - Sticks to Snakes      Tmut           #.......     12%         2    ###....
c - Spider Form           Tmut/Pois      #.........   38%         3    ####...


Dungeon Overview and Level Annotations

Branches:
Dungeon (3/15)

Altars:
Kikubaaqudgha


Innate Abilities, Weirdness & Mutations

Your plain brown scales are hard. (AC +5)
You cannot fit into any form of body armour.
You are cold-blooded and may be slowed by cold attacks.
You have claws for feet.


Message History

The orc wizard shouts!
You claw the orc priest, but do no damage.
The orc priest closely misses you.
You hit the orc priest but do no damage.
You claw the orc priest, but do no damage.
The orc priest hits you with a trident!
You take 9 damage, and have 13/37 hp.
MASSIVE DAMAGE!!
You barely miss the orc priest. Your kick misses the orc priest.
The orc wizard gestures at you while chanting.
The magic dart hits you!
* * * LOW HITPOINT WARNING * * *
The orc priest barely misses you.
You take 10 damage, and have 3/37 hp.
MASSIVE DAMAGE!!
You barely miss the orc priest.
You claw the orc priest, but do no damage.
Your tail-slap misses the orc priest.
The orc wizard begins to cast a cantrip, but forgets the words!
The orc priest calls down the wrath of Beogh upon you.
Beogh smites you!
You die...

.. ... ##.## #..........# .#
##!#..##..####...........
.#####...........................
..<....# #o#...####.............#
o####### #......###.#.........).#
.#########... #...#.#............
...........#.r #................
.#.#######.....##o..############.
...o.)o.w.......@........#
.#..#####......o.......$.# .#..$
>#..#[..........# .##..# ##
#....#......# .##...
#...........# . .....
.............# #.....
#.#...........# #..###
#.#...........#


You could see an orc priest, an orc wizard, an orc and a rat.

Vanquished Creatures
  2 adders (D:3)
  2 oozes
  An adder skeleton (D:3)
  4 worms (D:2)
  A dart slug (D:2)
  3 leopard geckos
  An orc (D:2)
  A giant cockroach (D:1)
  6 goblins
  4 hobgoblins
  2 jackals (D:1)
  A ball python (D:2)
  5 bats
  5 frilled lizards
  4 kobolds
  9 rats
51 creatures vanquished.

Notes
Turn   | Place    | Note
-------+----------+-------------------------------------------
     0 | D:1      | Haldmier the Draconian Transmuter began the quest for the Orb.
     0 | D:1      | Reached XP level 1. HP: 16/16 MP: 3/3
   252 | D:1      | Reached XP level 2. HP: 23/23 MP: 3/5
   340 | D:1      | Learned a level 2 spell: Sticks to Snakes
   999 | D:2      | Reached XP level 3. HP: 29/29 MP: 4/6
  1260 | D:2      | Learned a level 3 spell: Spider Form
  1945 | D:2      | Found an ancient bone altar of Kikubaaqudgha.
  2366 | D:3      | Reached XP level 4. HP: 37/37 MP: 5/7
  2807 | D:3      | Killed from afar by an orc priest

Skill      XL: |  1  2  3  4 |
---------------+-------------+-----
Fighting       | 2 |  2.5
Transmutations | 3 |  3.0
Dodging        | |  1.7
Unarmed Combat | |  3.9
Spellcasting   | |  2.0
Poison Magic   | |  0.4

Action                   |  1- 3 |  4- 6 || total
-------------------------+-------+-------++-------
Melee: Unarmed           |   135 |    41 ||   176
       Kick              |    13 |    12 ||    25
       Tailslap          |    10 |     1 ||    11
       Headbutt          |     8 |     1 ||     9
       Punch             |     1 |       ||     1
 Cast: Beastly Appendage |    29 |     9 ||    38
 Stab: Sleeping          |     1 |       ||     1
  Eat: Chunk             |     5 |     2 ||     7
Armor: Skin              |    33 |     7 ||    40
Dodge: Dodged            |    72 |    23 ||    95
